 Dungeon Crawl Stone Soup version 0.26-a0-651-gb41185065b (webtiles) character file.

Game seed: 9759054733581524173

549 Lanoc the Covered (level 7, -4/66 HPs)
             Began as a Gargoyle Wanderer on Oct 28, 2020.
             Was a High Priest of Jiyva.
             Slain by a centaur (6 damage)
             ... on level 6 of the Dungeon.
             The game lasted 00:09:50 (4689 turns).

Lanoc the Covered (Gargoyle Wanderer)               Turns: 4689, Time: 00:09:50

Health: -4/66      AC: 12    Str: 17    XL:     7   Next: 28%
Magic:  8/8        EV: 12    Int: 11    God:    Jiyva [*****.]
Gold:   167        SH:  0    Dex: 11    Spells: 8/8 levels left

rFire    . . .     SeeInvis .   u - +4 dagger
rCold    . . .     Faith    .   (no shield)
rNeg     + . .     Spirit   .   m - +0 troll leather armour {Purgy}
rPois    ∞         Reflect  .   (no helmet)
rElec    +         Harm     .   k - scarf {repulsion}
rCorr    +         Rampage  .   (no gloves)
MR       .....     Rnd*Rage +   (no boots)
Stlth    ..........             (no amulet)
HPRegen  0.61/turn              (no ring)
MPRegen  0.11/turn              (no ring)

@: berserking, hasted, repel missiles, very quick
A: icy blue scales 1, berserk 1, negative energy resistance 1, sense
surroundings 1, electricity resistance, wild magic 1, unbreathing, petrification
resistance, rot immunity, AC +4
a: Request Jelly, Slimify, Cure Bad Mutation, Renounce Religion


You were on level 6 of the Dungeon.
You worshipped Jiyva.
Jiyva was extremely pleased with you.
You visited 2 branches of the dungeon, and saw 7 of its levels.
You also visited: Sewer.

You collected 167 gold pieces.

Inventory:

Hand Weapons
 a - a +2 vorpal hand axe
 c - a +0 hand crossbow
 u - a +4 dagger (weapon)
Missiles
 d - 26 bolts
 t - 3 curare-tipped darts (quivered)
Armour
 k - a scarf of repulsion (worn)
 m - a +0 troll leather armour (worn) {Purgy}
Scrolls
 i - 3 scrolls of remove curse
 s - a scroll of fog
Potions
 g - 2 potions of stabbing


   Skills:
 + Level 4.9 Fighting
 - Level 1.0 Crossbows
 + Level 6.7 Armour
 + Level 2.7 Dodging
 - Level 2.1 Stealth
 - Level 1.0 Spellcasting
   Level 1.7 Translocations


You had 8 spell levels left.
You didn't know any spells.
Your spell library was empty.

Dungeon Overview and Level Annotations

Branches:
Dungeon (6/15)             Temple (1/1) D:5           Sewer (visited)

Altars:
Okawaru
Qazlal
Trog
Yredelemnul
Zin
Jiyva

Shops:
D:5 (


Innate Abilities, Weirdness & Mutations

You are resistant to torment.
Your stone body is resilient. (AC +4)
You are immune to poison.
You resist negative energy. (rN+)
You are resistant to electric shocks. (rElec)
You can survive without breathing.
You are immune to petrification.
You are immune to rotting.
You are partially covered in icy blue scales. (AC +2)
You tend to lose your temper in combat.
You passively map a small area around you.
Your spells are a little harder to cast, but a little more powerful.


Message History

You hit the ogre.
You kill the ogre!
You hear a distant slurping noise.
You feel a little less hungry.
You feel your power returning.
You hear a slurping noise.
You feel better.
The centaur hits you but does no damage.
You barely miss the centaur.
The centaur is moderately wounded.
The river rat bites you but does no damage.
The centaur hits you.
* * * LOW HITPOINT WARNING * * *
You barely miss the centaur.
The centaur is moderately wounded.
The jelly barely misses the river rat.
The centaur hits you but does no damage.
You hit the centaur.
The centaur is heavily wounded.
The river rat closely misses you. The centaur hits you.
You die...

###### ######r...#
#.....5...# #5######g.#
#.#≈≈@J#..##########**
##.##cr##..........$.,,
#...#o5#oc####.......,,
#..##gc##g...........,,
##..#≈(g≈#g.5.........,,
#.(.#≈≈≈≈#............,,
#...##≈≈##!(.)........,,
#....#J≈#..(.....####.,,
#....'##'........#*,,,,,


You could see 2 centaurs, an orc priest, 2 gnolls, a river rat, a white imp and
2 neutral jellies (fellow slime).

Vanquished Creatures
  Purgy (Sewer)
  An ogre (D:6)
  2 centaurs (D:6)
  A scorpion (D:4)
  A hound (D:5)
  An orc priest (D:4)
  An orc wizard (D:5)
  An iguana (D:6)
  4 adders
  A white imp (D:5)
  A worm (D:2)
  A dart slug (D:2)
  2 leopard geckos
  13 orcs
  2 giant cockroaches
  4 goblins
  3 hobgoblins
  4 jackals
  8 kobolds
  2 quokkas
  6 bats
  A leopard gecko zombie (D:5)
  A quokka zombie (D:5)
  2 rats
64 creatures vanquished.

Vanquished Creatures (others)
  A phantom (D:4)
  An ogre (D:5)
  8 jellies
  A scorpion (D:5)
  2 hounds
  An orc priest (D:4)
  An orc wizard (D:4)
  2 worker ants (D:4)
  4 gnolls (D:4)
  4 adders
  A shadow imp (D:5)
  2 adder skeletons (D:4)
  A leopard gecko (D:6)
  6 orcs
  A jackal (D:2)
  A kobold (D:2)
  2 ball pythons
  2 bats (D:2)
  2 rats (D:2)
  14 plants
57 creatures vanquished.

Grand Total: 121 creatures vanquished

Notes
Turn   | Place    | Note
-------+----------+-------------------------------------------
     0 | D:1      | Lanoc the Gargoyle Wanderer began the quest for the Orb.
     0 | D:1      | Lanoc set off with the following items: a +2 dagger, a
                  | potion of haste, a +0 hand crossbow, 26 bolts, a +0 ring
                  | mail
     0 | D:1      | Reached XP level 1. HP: 10/10 MP: 2/2
   273 | D:2      | Reached skill level 1 in Fighting
   273 | D:2      | Reached XP level 2. HP: 7/16 MP: 3/3
   451 | D:2      | Reached XP level 3. HP: 15/21 MP: 4/4
   556 | D:2      | Found a faded altar of an unknown god.
   575 | D:2      | Became a worshipper of Jiyva Jaboesop the Shapeless
   575 | D:2      | Reached * piety under Jiyva
   658 | D:2      | Reached skill level 5 in Armour
   726 | D:2      | Reached ** piety under Jiyva
  1002 | D:3      | Found an iron altar of Okawaru.
  1002 | D:3      | Found a basalt altar of Yredelemnul.
  1003 | D:3      | Found a glowing silver altar of Zin.
  1197 | D:3      | Reached XP level 4. HP: 24/27 MP: 5/5
  1570 | D:3      | Found a bloodstained altar of Trog.
  1835 | D:4      | Reached *** piety under Jiyva
  2024 | D:4      | Found a stormy altar of Qazlal.
  2568 | D:5      | Entered Level 5 of the Dungeon
  2569 | D:5      | Noticed an ogre
  2590 | D:5      | Noticed a phantom
  2641 | D:4      | Killed a phantom
  2641 | D:4      | Reached XP level 5. HP: 19/32 MP: 6/6
  2810 | D:5      | Found a staircase to the Ecumenical Temple.
  2819 | Temple   | Entered the Ecumenical Temple
  3032 | D:5      | Reached skill level 1 in Dodging
  3374 | D:1      | Gained mutation: Your flesh is heat resistant. (rF+)
                  | [Jiyva's grace]
  3376 | D:5      | Found a stormy altar of Qazlal.
  3663 | D:5      | Reached skill level 6 in Armour
  3717 | D:4      | Reached **** piety under Jiyva
  3754 | D:5      | Killed an ogre
  3783 | D:5      | Gained mutation: You are somewhat resistant to further
                  | mutation. [Jiyva's grace]
  3961 | D:5      | Found Rogyavof's Weapon Shop.
  4208 | D:5      | Reached XP level 6. HP: 21/38 MP: 7/7
  4217 | D:5      | Reached ***** piety under Jiyva
  4367 | D:6      | Gained mutation: You have a pair of small horns on your
                  | head. [Jiyva's grace]
  4380 | D:6      | Lost mutation: Your flesh is heat resistant. (rF+) [potion
                  | of mutation]
  4380 | D:6      | Lost mutation: You have a pair of small horns on your head.
                  | [potion of mutation]
  4380 | D:6      | Lost mutation: You are somewhat resistant to further
                  | mutation. [potion of mutation]
  4380 | D:6      | Gained mutation: You tend to lose your temper in combat.
                  | [potion of mutation]
  4380 | D:6      | Gained mutation: You are partially covered in icy blue
                  | scales. (AC +2) [potion of mutation]
  4380 | D:6      | Gained mutation: Your spells are a little harder to cast,
                  | but a little more powerful. [potion of mutation]
  4380 | D:6      | Gained mutation: You passively map a small area around you.
                  | [potion of mutation]
  4402 | D:6      | Found a glowing drain.
  4406 | Sewer    | Entered a sewer
  4536 | Sewer    | Noticed Purgy
  4544 | Sewer    | Killed Purgy
  4544 | Sewer    | Reached XP level 7. HP: 30/44 MP: 8/8
  4683 | D:6      | HP: 1/44 [ogre/cursed -3 giant club (7)]
  4689 | D:6      | Slain by a centaur

Illustrated notes

Levels and vault maps discovered:
D:1:      dpeg_arrival_water_temple_mockup, layout_basic
D:2:      layout_rooms, chequers_ecumenical_altar_simple_redux,
          lemuel_old_faithful
D:3:      layout_basic, gammafunk_temple_overflow_forgotten, trog_hazing_becter
D:4:      layout_loops_ring, corexii_shack, kennysheep_diamond,
          guppyfry_early_lair_pool
D:5:      minmay_evil_eye, layout_basic, temple_fountains, serial_shops,
          shop_fountains, nicolae_qazlal_general_emergency
D:6:      layout_rooms, gup_sewer_entry_bowl
Temple:   eino_temple_scatter_basement

Skill      XL: |  1  2  3  4  5  6 |
---------------+-------------------+-----
Fighting       | 1 2 3 4 |  4.9
Armour         | 5 6 |  6.7
Dodging        | 1 2 |  2.7
Crossbows      | |  1.0
Stealth        | |  2.1
Spellcasting   | |  1.0
Translocations | |  1.7

Action                   |  1- 3 |  4- 6 |  7- 9 || total
-------------------------+-------+-------+-------++-------
Melee: Dagger            |   102 |   246 |    20 ||   368
Throw: Dart              |       |     7 |       ||     7
Invok: Request Jelly     |       |       |     3 ||     3
  Use: Scroll            |       |     6 |     4 ||    10
       Potion            |       |     3 |     2 ||     5
Armor: Ring mail         |    60 |   166 |       ||   226
       Troll leather arm |       |       |    19 ||    19
Dodge: Dodged            |    56 |   192 |    43 ||   291
       Repelled          |       |     4 |       ||     4

Table legend: (Time is in decaauts)
 A = Elapsed time spent in this place.
 B = Non-inter-level travel time spent in this place.
 C = Inter-level travel time spent in this place.
 D = Time resting spent in this place.
 E = Time spent auto-exploring this place.
 F = Levels seen in this place.
 G = Mean time per level.
                   A        B        C        D        E       F      G
               +--------+--------+--------+--------+--------+-----+--------+
         Total |   4683 |   4436 |    247 |    570 |   2828 |   8 |  585.4 |
       Dungeon |   4430 |   4183 |    247 |    436 |   2828 |   6 |  738.3 |
        Temple |      1 |      1 |      0 |      0 |      0 |   1 |    1.0 |
         Sewer |    251 |    251 |      0 |    134 |      0 |   1 |  251.0 |
               +--------+--------+--------+--------+--------+-----+--------+

Top non-repeatable levels by time:
     D:5: 1354 daAuts
     D:4: 1257 daAuts
     D:3: 761 daAuts
     D:2: 553 daAuts
     D:1: 404 daAuts
   Sewer: 251 daAuts
     D:6: 98 daAuts
  Temple: 1 daAuts
